 Dungeon Crawl Stone Soup version 0.30.1-11-g7821555f0a (webtiles) character file.

Game seed: 3901132908715527548

252 monsoonserge the Shield-Bearer (level 5, 0/53 HPs)
             Began as a Troll Fighter on Nov 14, 2023.
             Slain by a black bear (4 damage)
             ... on level 3 of the Dungeon.
             The game lasted 00:05:20 (1974 turns).

monsoonserge the Shield-Bearer (Troll Fighter)      Turns: 1974, Time: 00:05:20

Health: 0/53       AC:  4    Str: 30    XL:     5   Next: 89%
Magic:  0/4        EV:  9    Int:  6    God:
Gold:   140        SH:  8    Dex:  9    Spells: 4/4 levels left

rFire   . .          .
                       - Unarmed
rCold   . . .        b - +0 kite shield
rNeg    . . .        a - +0 robe
rPois   .            (helmet restricted)
rElec   .            u - scarf {harm}
rCorr   .            (gloves unavailable)
SInv    .            (boots unavailable)
Will    +....        k - amulet of guardian spirit
Stlth   +            e - +6 ring of strength
HPRegen 1.08/turn    j - ring of willpower
MPRegen 0.09/turn

%: harm (+30% outgoing, +20% incoming), guardian spirit
@: mighty
A: large, unfitting armour, claws 3, regeneration 1, shaggy fur 1, tough skin 1
a: no special abilities


You were on level 3 of the Dungeon.
You visited 1 branch of the dungeon, and saw 4 of its levels.

You collected 140 gold pieces.

Inventory:

Missiles
 q - 6 poisoned darts (quivered)
Armour
 a - a +0 robe (worn)
 b - a +0 kite shield (worn)
 u - a scarf of harm (worn)
Jewellery
 e - a +6 ring of strength (left claw)
 j - a ring of willpower (right claw)
 k - an amulet of guardian spirit (around neck)
 m - a ring of positive energy
Wands
 s - a wand of roots (11)
 t - a wand of quicksilver (6)
Scrolls
 g - a scroll of enchant armour {unknown}
 h - a scroll of fog {unknown}
 l - 2 scrolls of magic mapping
 o - a scroll of vulnerability {unknown}
 v - a scroll of fear {unknown}
Potions
 c - a potion of might
 d - 2 potions of flight {unknown}
 f - a potion of ambrosia {unknown}
 i - a potion of heal wounds {unknown}
 n - a potion of haste {unknown}
 p - a potion of curing {unknown}
 r - a potion of mutation {unknown}


   Skills:
 + Level 3.5 Fighting
 - Level 3.0 Dodging
 + Level 3.9 Shields
 + Level 3.8 Unarmed Combat


You had 4 spell levels left.
You didn't know any spells.
Your spell library contained the following spells:

 Spells                   Type           Power      Damage    Failure   Level
 Summon Small Mammal      Summ           0%         N/A       67%         1
 Call Canine Familiar     Summ           0%         N/A       95%         3
 Summon Guardian Golem    Hex/Summ       0%         N/A       95%         3
 Tukima's Dance           Hex            0%         N/A       95%         3
 Passage of Golubria      Tloc           0%         N/A       100%        4
 Yara's Violent Unravell  Hex/Tmut       0%         3d3       100%        5


Dungeon Overview and Level Annotations

Branches:
Dungeon (4/15)
 Temple: D:4-7

Altars:
Yredelemnul


Innate Abilities, Weirdness & Mutations

You are too large for most types of armour.
You have claws for hands.
Your natural rate of healing is unusually fast.
You are covered in fur. (AC +1)
You have tough skin. (AC +1)


Message History

The black bear claws you but does no damage. x2
The orc closely misses you. The black bear barely misses you.
The black bear claws you. x2
There is a stone staircase leading up here.
The black bear closely misses you. The black bear misses you.
The black bear claws you but does no damage.
The orc barely misses you. You block the orc's attack.
You climb upwards.
There is a stone staircase leading down here.
Unknown command.
You scratch the black bear.
The black bear is lightly wounded.
The orc hits you with a +0 mace. The black bear closely misses you.
The black bear claws you. You block the black bear's attack.
The orc hits you with a +2 whip of electrocution.
You scratch the black bear but do no damage.
The black bear is lightly wounded.
The orc hits you but does no damage.
The black bear bites you but does no damage.
The black bear claws you. You block the black bear's attack.
The orc hits you with a +2 whip of electrocution.
You are electrocuted!
* * * LOW HITPOINT WARNING * * *
Okay, then.
You feel very mighty all of a sudden. You block the orc's attack.
The black bear bites you.
* * * LOW HITPOINT WARNING * * *
The black bear claws you.
* * * LOW HITPOINT WARNING * * *
The black bear claws you.
* * * LOW HITPOINT WARNING * * *
The orc hits you with a +2 whip of electrocution.
* * * LOW HITPOINT WARNING * * *
Press: ? - help, v - describe, . - travel, g - get item
Here: an orc, wielding a +0 mace
Items here: a +0 mace; an orc corpse.
The floor.
You barely miss the orc. The orc hits you with a +0 mace.
The black bear closely misses you. The black bear claws you.
You die...

...........#.#
...###.....#.#
....##..##...##
....##..###...###
........#
##....##
......#.# ###...#
...##)#.# #...#
...##.#.# ###ho#
### #####.#.###
#..o@# #.#
#.....###.####
#.# #.#)......#
#.#
#####.#######.#
#†# .........#
#.# #####.#
......##.# ###
#<....#
......##.#
######.#
########.#
#....#.# #.#####
#.##...#


You could see a black bear and 2 orcs.

Vanquished Creatures
  An ogre (D:3)
  A phantom (D:4)
  Terence (D:2)
  A worm (D:4)
  3 dart slugs (D:2)
  4 orcs (D:3)
  6 bats
  6 endoplasms
  2 giant cockroaches (D:1)
  3 goblins
  5 hobgoblins
  2 jackals (D:1)
  3 quokkas
  9 ball pythons
  3 frilled lizards
  3 kobolds
  2 rats (D:1)
55 creatures vanquished.

Notes
Turn   | Place    | Note
-------+----------+-------------------------------------------
     0 | D:1      | monsoonserge the Troll Fighter began the quest for the Orb.
     0 | D:1      | Reached XP level 1. HP: 22/22 MP: 0/0
   196 | D:1      | Reached XP level 2. HP: 29/29 MP: 1/1
   551 | D:1      | Reached XP level 3. HP: 33/36 MP: 2/2
  1025 | D:2      | Noticed Terence
  1032 | D:2      | Killed Terence
  1033 | D:2      | Reached XP level 4. HP: 40/44 MP: 1/3
  1546 | D:3      | Found a basalt altar of Yredelemnul.
  1715 | D:4      | Noticed a phantom
  1715 | D:4      | Noticed an ogre
  1722 | D:3      | Killed an ogre
  1723 | D:3      | Reached XP level 5. HP: 43/53 MP: 2/4
  1739 | D:4      | Killed a phantom
  1952 | D:4      | Noticed a black bear
  1974 | D:3      | Slain by a black bear

Illustrated notes

Levels and vault maps discovered:
D:1:      sevenhm_arrival_forest_fort_large_3, layout_loops_ring,
          minmay_crystal_water
D:2:      layout_basic, uniq_terence
D:3:      layout_basic, yredelemnul_altar_generic
D:4:      layout_gridville, gammafunk_ghost_mausoleum

Skill      XL: |  1  2  3  4 |
---------------+-------------+-----
Shields        | 3 |  3.9
Fighting       | 3 |  3.5
Dodging        | 3 |  3.0
Unarmed Combat | 3 |  3.8

Action                     |  1- 3 |  4- 6 || total
---------------------------+-------+-------++-------
  Melee: Unarmed           |    78 |    58 ||   136
    Use: Scroll            |       |     1 ||     1
         Potion            |       |     1 ||     1
 Armour: Robe              |    30 |    14 ||    44
  Dodge: Dodged            |    29 |    23 ||    52
  Block: Kite shield       |    23 |    21 ||    44
